Atomiques vs Blackdemons
Created - November 4, 2018 at 19:15
Goals
|
| Atomiques |
1 |
2 |
2 |
5 |
| Blackdemons |
1 |
4 |
2 |
7 |
|
Shots
|
| Atomiques |
16 |
12 |
8 |
36 |
| Blackdemons |
11 |
14 |
16 |
41 |
|
1st period
1. Blackdemons , Nathan Paetsch 2 (Blake Pietila 3, Alexei Morozov 7) at 3:37 (PP)
2. Atomiques , Dwight King 5 (Rasmus Ristolainen 9, Ryan Shannon 8) at 14:24
Penalties :
Dwight King (STB) for Roughing (Minor) at 3:29
2nd period
3. Blackdemons , Max Friberg 5 (Zachary Sanford 4, Scott Timmins 3) at 3:15
4. Blackdemons , Ladislav Nagy 4 (Martin Hanzal 7) at 3:33 (PP)
5. Blackdemons , Hudson Fasching 1 (Ladislav Nagy 4, Kyle Rau 3) at 6:43
6. Atomiques , Anthony Nigro 2 (Ryan Shannon 9, Dwight King 4) at 14:16
7. Atomiques , Jack Skille 5 (Eric Mestery 2, Tyler Brenner 4) at 18:34
8. Blackdemons , Ladislav Nagy 5 (Hudson Fasching 1, Keaton Ellerby 4) at 19:27
Penalties :
Tyler Brenner (STB) for Hooking (Minor) at 3:18, Brock McGinn (STB) for Hooking (Minor) at 8:32, Eric Mestery (STB) for Hooking (Minor) at 15:55
3rd period
9. Atomiques , Bobby Farnham 2 (Lucas Wallmark 3, Eric Mestery 3) at 1:27
10. Blackdemons , Ladislav Nagy 6 (Kyle Rau 4, Hudson Fasching 2) at 11:44
11. Blackdemons , Sergei Plotnikov 3 (Martin Hanzal 8, Ladislav Nagy 5) at 14:50 (PP)
12. Atomiques , Dalton Smith 3 (Corey Tropp 2, Wiley Sherman 3) at 18:50
Penalties :
Davis Drewiske (STB) for Hooking (Minor) at 6:00, Ryan Shannon (STB) for Hooking (Minor) at 13:18, Brock McGinn (STB) for Holding Stick (Minor) at 16:31
Goalie Stats
Jeff Frazee (STB), 22 saves from 25 shots - (0.880), L, 1-1-0, 33:17 minutes
Jake Allen (STB), 12 saves from 16 shots - (0.750), 26:43 minutes
Laurent Brossoit (MJM), 31 saves from 36 shots - (0.861), W, 2-2-0, 60:00 minutes
Players Stats for Atomiques
Player Name G A P +/- PIM S H SB GA TA FO MP PP MP PK MP
------------------------------------------------------------------------------------
Anthony Nigro 1 0 1 2 0 1 0 0 0 0 3/9 12:27 0:00 0:00
Bobby Farnham 1 0 1 0 0 4 1 0 1 0 0/0 7:10 0:00 0:00
Brock McGinn 0 0 0 -1 4 2 2 1 1 1 0/1 18:23 0:00 0:00
Colby Cohen 0 0 0 2 0 3 1 1 0 0 0/0 12:03 0:00 0:00
Corey Tropp 0 1 1 0 0 5 1 1 1 0 1/1 11:43 0:00 0:00
Dalton Smith 1 0 1 0 0 1 1 1 1 0 0/3 14:09 0:00 2:26
Davis Drewiske 0 0 0 1 2 1 1 4 1 0 0/0 20:17 0:00 5:00
Dwight King 1 1 2 2 2 2 1 0 0 0 3/11 18:25 0:00 5:35
Eric Mestery 0 2 2 2 2 2 1 0 0 0 0/0 14:21 0:00 2:50
Jack Skille 1 0 1 -1 0 3 3 1 1 0 1/2 23:29 0:00 5:09
Jacob De La Rose 0 0 0 0 0 0 0 0 0 1 1/6 11:43 0:00 0:00
Joseph Cramarossa 0 0 0 0 0 1 1 0 0 1 0/0 8:35 0:00 1:01
Lucas Wallmark 0 1 1 0 0 1 0 0 0 1 3/3 8:09 0:00 0:59
Matt Tennyson 0 0 0 -2 0 0 2 1 0 1 0/0 28:43 0:00 5:39
Rasmus Ristolainen 0 1 1 -2 0 5 0 3 3 1 0/0 27:36 0:00 3:50
Ryan Shannon 0 2 2 2 2 1 1 0 4 1 0/0 14:39 0:00 2:08
Tyler Brenner 0 1 1 -1 2 4 1 2 1 1 11/29 20:48 0:00 2:24
Wiley Sherman 0 1 1 1 0 0 0 0 0 1 0/0 17:22 0:00 2:23
Players Stats for Blackdemons
Player Name G A P +/- PIM S H SB GA TA FO MP PP MP PK MP
------------------------------------------------------------------------------------
Alexandre Grenier 0 0 0 -2 0 3 0 1 2 0 0/2 14:35 0:10 0:00
Alexei Morozov 0 1 1 -1 0 6 1 1 1 0 3/4 23:08 4:53 0:00
Blake Pietila 0 1 1 -1 0 6 2 2 0 0 1/2 23:12 4:57 0:00
Brett Kulak 0 0 0 0 0 0 0 0 0 1 0/0 11:10 0:00 0:00
Hudson Fasching 1 2 3 1 0 2 1 1 0 0 0/0 11:49 4:31 0:00
Jeffrey Foss 0 0 0 -1 0 0 0 0 0 1 0/0 4:01 0:00 0:00
Keaton Ellerby 0 1 1 -2 0 1 1 0 0 1 0/0 21:11 5:12 0:00
Kyle Rau 0 2 2 1 0 0 0 0 0 0 3/4 7:26 0:00 0:00
Ladislav Nagy 3 2 5 1 0 3 1 0 0 1 0/0 11:49 4:31 0:00
Martin Hanzal 0 2 2 -1 0 4 0 2 3 2 18/27 22:25 4:04 0:00
Mathew Dumba 0 0 0 -2 0 0 1 2 0 1 0/0 21:01 4:29 0:00
Max Friberg 1 0 1 1 0 1 2 0 0 0 1/1 11:07 0:45 0:00
Nathan Paetsch 1 0 1 2 0 2 1 3 0 3 0/0 23:10 4:11 0:00
Patrice Cormier 0 0 0 -2 0 3 1 0 0 1 13/21 19:05 5:06 0:00
Roman Josi 0 0 0 2 0 2 0 3 0 0 0/0 23:05 4:39 0:00
Scott Timmins 0 1 1 1 0 0 0 0 2 0 3/4 10:44 0:26 0:00
Sergei Plotnikov 1 0 1 -2 0 6 3 0 0 1 0/0 14:35 0:10 0:00
Tommy Vannelli 0 0 0 -1 0 0 0 1 0 0 0/0 4:34 0:33 0:00
Yannick Weber 0 0 0 0 0 0 0 0 0 2 0/0 11:48 0:38 0:00
Zachary Sanford 0 1 1 1 0 2 0 0 1 0 0/0 10:05 0:00 0:00
3 Stars
1 - Ladislav Nagy (MJM)
2 - Hudson Fasching (MJM)
3 - Nathan Paetsch (MJM)
Power Play
Atomiques - 0 on 0 Attempt(s) - 0.00%
Blackdemons - 3 on 7 Attempt(s) - 42.86%
Penalty Kill
Atomiques - 4 on 7 Attempt(s) - 57.14%
- Score 0 goal in Penalty Kill
Blackdemons - 0 on 0 Attempt(s) - 0.00%
- Score 0 goal in Penalty Kill
Team Stat
Atomiques - Hits : 17 - Faceoff Wins : 23 - Blocked Shots : 15 - Penalty Minutes : 14
Blackdemons - Hits : 14 - Faceoff Wins : 42 - Blocked Shots : 16 - Penalty Minutes : 0
Official
Referees : Unknown
Linesman : Unknown
Game Notes
Jeff Frazee enters game at 6:43 of 2nd period
Ladislav Nagy has scored a Hat Trick!
Finance
Level 1 -- Attendance: 1617 (80.85%) -- Ticket Income $64,680
Level 2 -- Attendance: 714 (71.40%) -- Ticket Income $14,280
Total Attendance: 2331 (77.70%)
Total Ticket Income: $78,960
Other Income: $3,948
Total Income: $82,908
Atomiques
5 vs 5 Forward
Center Left Wing Right Wing Time % Phy DF OF
1 Tyler Brenner Brock McGinn Jack Skille 40 1 2 2
2 Anthony Nigro Dwight King Ryan Shannon 30 1 2 2
3 Jacob De La Rose Dalton Smith Corey Tropp 20 1 2 2
4 Lucas Wallmark Joseph Cramarossa Bobby Farnham 10 1 2 2
5 vs 5 Defense
Defense Defense Time % Phy DF OF
1 Matt Tennyson Rasmus Ristolainen 40 1 2 2
2 Davis Drewiske Wiley Sherman 30 1 2 2
3 Colby Cohen Eric Mestery 20 1 2 2
4 Matt Tennyson Rasmus Ristolainen 10 1 2 2
PowerPlay Forward
Center Left Wing Right Wing Time % Phy DF OF
1 Tyler Brenner Brock McGinn Jack Skille 60 1 2 2
2 Anthony Nigro Dwight King Ryan Shannon 40 1 2 2
PowerPlay Defense
Defense Defense Time % Phy DF OF
1 Matt Tennyson Rasmus Ristolainen 60 1 2 2
2 Rasmus Ristolainen Eric Mestery 40 1 2 2
Penalty Kill 4 Players Forward
Center Wing Time % Phy DF OF
1 Dwight King Jack Skille 60 1 2 2
2 Ryan Shannon Tyler Brenner 40 1 2 2
Penalty Kill 4 Players Defense
Defense Defense Time % Phy DF OF
1 Matt Tennyson Davis Drewiske 60 1 2 2
2 Rasmus Ristolainen Eric Mestery 40 1 2 2
Penalty Kill - 3 Players Forward
Forward Time % Phy DF OF
1 Dwight King 60 1 2 2
2 Jack Skille 40 1 2 2
Penalty Kill - 3 Players Defense
Defense Defense Time % Phy DF OF
1 Matt Tennyson Davis Drewiske 60 1 2 2
2 Rasmus Ristolainen Eric Mestery 40 1 2 2
4 vs 4 Forward
Center Wing Time % Phy DF OF
1 Dwight King Jack Skille 60 1 2 2
2 Ryan Shannon Tyler Brenner 40 1 2 2
4 vs 4 Defense
Defense Defense Time % Phy DF OF
1 Matt Tennyson Rasmus Ristolainen 60 1 2 2
2 Wiley Sherman Eric Mestery 40 1 2 2
Last Minutes Offensive
Center Left Wing Right Wing Defense Defense
Tyler Brenner Dwight King Jack Skille Rasmus Ristolainen Davis Drewiske
Last Minutes Defensive
Center Left Wing Right Wing Defense Defense
Tyler Brenner Dwight King Jack Skille Matt Tennyson Davis Drewiske
Goaltenders
Starting : Jake Allen
Backup : Jeff Frazee
Extra Forwards
Normal : Corey Tropp, Bobby Farnham, Dalton Smith - PP : Corey Tropp, Bobby Farnham - PK : Dalton Smith
Extra Defensemen
Normal : Colby Cohen, Wiley Sherman, Rasmus Ristolainen - PP : Colby Cohen - PK : Wiley Sherman, Rasmus Ristolainen
Penalty Shots
Dwight King, Jack Skille, Ryan Shannon, Tyler Brenner, Corey Tropp
Scratches
Rickard Rakell (Sprained Right Finger Injury), Mike Halmo (Healthy), Max McCormick (Healthy), Mitch Callahan (Healthy), John Draeger (Healthy)
Carl Dahlstrom (Healthy), Eric Gustafsson (Healthy), Francois Tremblay (Healthy)
Blackdemons
5 vs 5 Forward
Center Left Wing Right Wing Time % Phy DF OF
1 Martin Hanzal Blake Pietila Alexei Morozov 40 0 1 4
2 Patrice Cormier Sergei Plotnikov Alexandre Grenier 35 0 1 3
3 Scott Timmins Zachary Sanford Max Friberg 15 0 2 3
4 Kyle Rau Ladislav Nagy Hudson Fasching 10 0 1 4
5 vs 5 Defense
Defense Defense Time % Phy DF OF
1 Nathan Paetsch Roman Josi 36 0 4 1
2 Keaton Ellerby Mathew Dumba 32 0 4 1
3 Yannick Weber Brett Kulak 22 0 5 0
4 Jeffrey Foss Tommy Vannelli 10 0 5 0
PowerPlay Forward
Center Left Wing Right Wing Time % Phy DF OF
1 Patrice Cormier Blake Pietila Alexei Morozov 50 0 0 5
2 Martin Hanzal Ladislav Nagy Hudson Fasching 50 0 0 5
PowerPlay Defense
Defense Defense Time % Phy DF OF
1 Nathan Paetsch Mathew Dumba 50 0 1 4
2 Keaton Ellerby Roman Josi 50 0 1 4
Penalty Kill 4 Players Forward
Center Wing Time % Phy DF OF
1 Patrice Cormier Ladislav Nagy 50 0 5 0
2 Kyle Rau Sergei Plotnikov 50 0 5 0
Penalty Kill 4 Players Defense
Defense Defense Time % Phy DF OF
1 Keaton Ellerby Roman Josi 50 0 5 0
2 Yannick Weber Jeffrey Foss 50 0 5 0
Penalty Kill - 3 Players Forward
Forward Time % Phy DF OF
1 Alexei Morozov 60 0 5 0
2 Martin Hanzal 40 0 5 0
Penalty Kill - 3 Players Defense
Defense Defense Time % Phy DF OF
1 Nathan Paetsch Keaton Ellerby 60 0 5 0
2 Jeffrey Foss Roman Josi 40 0 5 0
4 vs 4 Forward
Center Wing Time % Phy DF OF
1 Alexei Morozov Martin Hanzal 50 1 2 2
2 Ladislav Nagy Patrice Cormier 50 1 2 2
4 vs 4 Defense
Defense Defense Time % Phy DF OF
1 Mathew Dumba Keaton Ellerby 50 1 2 2
2 Yannick Weber Nathan Paetsch 50 1 2 2
Last Minutes Offensive
Center Left Wing Right Wing Defense Defense
Martin Hanzal Ladislav Nagy Alexei Morozov Nathan Paetsch Keaton Ellerby
Last Minutes Defensive
Center Left Wing Right Wing Defense Defense
Martin Hanzal Ladislav Nagy Alexei Morozov Nathan Paetsch Keaton Ellerby
Goaltenders
Starting : Laurent Brossoit
Backup : Matt Hackett
Extra Forwards
Normal : Max Friberg, Scott Timmins, Blake Pietila - PP : Max Friberg, Scott Timmins - PK : Blake Pietila
Extra Defensemen
Normal : Yannick Weber, Roman Josi, Jeffrey Foss - PP : Yannick Weber - PK : Roman Josi, Jeffrey Foss
Penalty Shots
Alexei Morozov, Martin Hanzal, Ladislav Nagy, Sergei Plotnikov, Zachary Sanford
Scratches
Colin Smith (Healthy), Charles-Olivier Roussel (Healthy), Klas Dahlbeck (Healthy), Remi Elie (Healthy), Jyrki Jokipakka (Healthy)
Mackenzie MacEachern (Healthy), Artturi Lehkonen (Healthy), Ben Maxwell (Healthy), Nicolas Deschamps (Healthy), Angelo Esposito (Healthy)
Jacob Lagacé (Healthy), James Livingstone (Healthy), Ebbe Siönäs (Healthy), Sami Aittokallio (Healthy), Jeremy Smith (Healthy)
% Time on Ice - Atomiques
Lines # - Real PCT - Wanted PCT - Time Play
Normal Forward
1 - 37% - 40% - 18:44
2 - 25% - 30% - 12:32
3 - 23% - 20% - 11:43
4 - 14% - 10% - 7:10
Normal Defense
1 - 40% - 40% - 20:08
2 - 31% - 30% - 15:42
3 - 23% - 20% - 11:23
4 - 6% - 10% - 2:56
PP Forward
1 - 0% - 60%
2 - 0% - 40%
PP Defense
1 - 0% - 60%
2 - 0% - 40%
PK Forward
1 - 76% - 60% - 7:27
2 - 24% - 40% - 2:24
PK Defense
1 - 61% - 60% - 6:01
2 - 39% - 40% - 3:50
PK3 Forward
1 - 0% - 60%
2 - 0% - 40%
PK3 Defense
1 - 0% - 60%
2 - 0% - 40%
44 Forward
1 - 0% - 60%
2 - 0% - 40%
44 Defense
1 - 0% - 60%
2 - 0% - 40%
Last Minute Offensive - 0:00
Last Minute Defensive - 0:00
Total
Forward - 60:00
Defense - 60:00
|
% Time on Ice - Blackdemons
Lines # - Real PCT - Wanted PCT - Time Play
Normal Forward
1 - 36% - 40% - 18:15
2 - 29% - 35% - 14:35
3 - 20% - 15% - 10:05
4 - 14% - 10% - 7:14
Normal Defense
1 - 38% - 36% - 18:59
2 - 32% - 32% - 15:59
3 - 22% - 22% - 11:10
4 - 8% - 10% - 4:01
PP Forward
1 - 52% - 50% - 5:06
2 - 48% - 50% - 4:45
PP Defense
1 - 47% - 50% - 4:39
2 - 53% - 50% - 5:12
PK Forward
1 - 0% - 50%
2 - 0% - 50%
PK Defense
1 - 0% - 50%
2 - 0% - 50%
PK3 Forward
1 - 0% - 60%
2 - 0% - 40%
PK3 Defense
1 - 0% - 60%
2 - 0% - 40%
44 Forward
1 - 0% - 50%
2 - 0% - 50%
44 Defense
1 - 0% - 50%
2 - 0% - 50%
Last Minute Offensive - 0:00
Last Minute Defensive - 0:00
Total
Forward - 60:00
Defense - 60:00
|
Play by Play
1st period
0:01 of 1st period - Tyler Brenner wins face-off versus Martin Hanzal in neutral zone.
0:25 of 1st period - Patrice Cormier is hit by Matt Tennyson and loses puck.
2:37 of 1st period - Wrist shot by Bobby Farnham.
2:37 of 1st period - Stopped by Laurent Brossoit with a rebound.
2:55 of 1st period - Backhand shot by Tyler Brenner.
2:55 of 1st period - Stopped by Laurent Brossoit with a rebound.
2:57 of 1st period - Slapshot by Eric Mestery.
2:57 of 1st period - Shot Blocked by Roman Josi.
2:59 of 1st period - Slapshot by Colby Cohen.
2:59 of 1st period - Stopped by Laurent Brossoit without a rebound.
3:00 of 1st period - Patrice Cormier wins face-off versus Tyler Brenner in Blackdemons zone.
3:10 of 1st period - Wrist shot by Jack Skille.
3:10 of 1st period - Stopped by Laurent Brossoit with a rebound.
3:12 of 1st period - Wrist shot by Jack Skille.
3:12 of 1st period - Stopped by Laurent Brossoit with a rebound.
3:14 of 1st period - Snap shot by Tyler Brenner.
3:14 of 1st period - Shot Misses the Net.
3:16 of 1st period - Wrist shot by Tyler Brenner.
3:16 of 1st period - Shot Blocked by Alexandre Grenier.
3:29 of 1st period - Minor Penalty to Dwight King for Roughing.
3:30 of 1st period - Patrice Cormier wins face-off versus Dalton Smith in Atomiques zone.
3:35 of 1st period - Slapshot by Blake Pietila.
3:35 of 1st period - Stopped by Jake Allen with a rebound.
3:37 of 1st period - Slapshot by Nathan Paetsch.
3:37 of 1st period - Goal by Nathan Paetsch - Atomiques : 0 - Blackdemons : 1.
3:38 of 1st period - Tyler Brenner wins face-off versus Martin Hanzal in neutral zone.
4:05 of 1st period - Dwight King is hit by Sergei Plotnikov and loses puck.
5:04 of 1st period - Snap shot by Ladislav Nagy.
5:04 of 1st period - Shot Misses the Net.
5:06 of 1st period - Snap shot by Martin Hanzal.
5:06 of 1st period - Stopped by Jake Allen without a rebound.
5:07 of 1st period - Martin Hanzal wins face-off versus Anthony Nigro in Atomiques zone.
5:08 of 1st period - Snap shot by Alexei Morozov.
5:08 of 1st period - Shot Misses the Net.
5:10 of 1st period - Wrist shot by Alexei Morozov.
5:10 of 1st period - Stopped by Jake Allen without a rebound.
5:11 of 1st period - Martin Hanzal wins face-off versus Tyler Brenner in Atomiques zone.
5:12 of 1st period - Snap shot by Alexei Morozov.
5:12 of 1st period - Stopped by Jake Allen with a rebound.
5:14 of 1st period - Wrist shot by Blake Pietila.
5:14 of 1st period - Shot Blocked by Tyler Brenner.
5:16 of 1st period - Wrist shot by Blake Pietila.
5:16 of 1st period - Deflect By Alexei Morozov.
5:16 of 1st period - Stopped by Jake Allen with a rebound.
5:18 of 1st period - Slapshot by Yannick Weber.
5:18 of 1st period - Shot Misses the Net.
5:20 of 1st period - Snap shot by Alexei Morozov.
5:20 of 1st period - Shot Misses the Net.
5:22 of 1st period - Wrist shot by Alexei Morozov.
5:22 of 1st period - Shot Blocked by Rasmus Ristolainen.
5:28 of 1st period - Slapshot by Martin Hanzal.
5:28 of 1st period - Stopped by Jake Allen with a rebound.
5:35 of 1st period - Off-side.
5:36 of 1st period - Jacob De La Rose wins face-off versus Patrice Cormier in neutral zone.
6:01 of 1st period - Davis Drewiske is hit by Mathew Dumba and loses puck.
6:10 of 1st period - Snap shot by Zachary Sanford.
6:10 of 1st period - Shot Misses the Net.
6:12 of 1st period - Snap shot by Max Friberg.
6:12 of 1st period - Shot Blocked by Davis Drewiske.
6:28 of 1st period - Davis Drewiske is hit by Nathan Paetsch and loses puck.
6:32 of 1st period - Icing by Wiley Sherman.
6:33 of 1st period - Tyler Brenner wins face-off versus Patrice Cormier in Atomiques zone.
6:48 of 1st period - Slapshot by Rasmus Ristolainen.
6:48 of 1st period - Stopped by Laurent Brossoit with a rebound.
7:02 of 1st period - Wrist shot by Dwight King.
7:02 of 1st period - Shot Misses the Net.
7:10 of 1st period - Brett Kulak is hit by Ryan Shannon and loses puck.
7:20 of 1st period - Icing by Alexei Morozov.
7:21 of 1st period - Alexei Morozov wins face-off versus Jacob De La Rose in Blackdemons zone.
7:30 of 1st period - Snap shot by Alexandre Grenier.
7:30 of 1st period - Stopped by Jake Allen without a rebound.
7:31 of 1st period - Patrice Cormier wins face-off versus Tyler Brenner in Atomiques zone.
7:32 of 1st period - Wrist shot by Alexandre Grenier.
7:32 of 1st period - Shot Misses the Net.
9:00 of 1st period - Slapshot by Tyler Brenner.
9:00 of 1st period - Stopped by Laurent Brossoit with a rebound.
9:30 of 1st period - Wrist shot by Ryan Shannon.
9:30 of 1st period - Shot Misses the Net.
10:33 of 1st period - Wrist shot by Alexandre Grenier.
10:33 of 1st period - Stopped by Jake Allen with a rebound.
10:55 of 1st period - Snap shot by Alexei Morozov.
10:55 of 1st period - Shot Misses the Net.
11:23 of 1st period - Icing by Jacob De La Rose.
11:24 of 1st period - Kyle Rau wins face-off versus Jacob De La Rose in Atomiques zone.
11:58 of 1st period - Wrist shot by Jack Skille.
11:58 of 1st period - Deflect By Tyler Brenner.
11:58 of 1st period - Stopped by Laurent Brossoit with a rebound.
13:19 of 1st period - Off-side.
13:20 of 1st period - Anthony Nigro wins face-off versus Kyle Rau in neutral zone.
13:35 of 1st period - Dwight King is hit by Hudson Fasching and loses puck.
13:47 of 1st period - Kyle Rau is hit by Matt Tennyson and loses puck.
14:04 of 1st period - Slapshot by Rasmus Ristolainen.
14:04 of 1st period - Stopped by Laurent Brossoit with a rebound.
14:10 of 1st period - Snap shot by Dwight King.
14:10 of 1st period - Stopped by Laurent Brossoit with a rebound.
14:22 of 1st period - Slapshot by Dwight King.
14:22 of 1st period - Shot Misses the Net.
14:24 of 1st period - Snap shot by Dwight King.
14:24 of 1st period - Goal by Dwight King - Atomiques : 1 - Blackdemons : 1.
14:25 of 1st period - Tyler Brenner wins face-off versus Martin Hanzal in neutral zone.
14:32 of 1st period - Wrist shot by Tyler Brenner.
14:32 of 1st period - Shot Blocked by Alexei Morozov.
14:34 of 1st period - Wrist shot by Brock McGinn.
14:34 of 1st period - Shot Blocked by Blake Pietila.
14:40 of 1st period - Backhand shot by Brock McGinn.
14:40 of 1st period - Shot Misses the Net.
15:03 of 1st period - Alexei Morozov is hit by Davis Drewiske and loses puck.
15:19 of 1st period - Wrist shot by Rasmus Ristolainen.
15:19 of 1st period - Deflect By Patrice Cormier.
15:19 of 1st period - Stopped by Laurent Brossoit with a rebound.
15:41 of 1st period - Yannick Weber is hit by Tyler Brenner and loses puck.
16:30 of 1st period - Wrist shot by Corey Tropp.
16:30 of 1st period - Stopped by Laurent Brossoit with a rebound.
16:51 of 1st period - Icing by Patrice Cormier.
16:52 of 1st period - Tyler Brenner wins face-off versus Patrice Cormier in Blackdemons zone.
17:12 of 1st period - Snap shot by Sergei Plotnikov.
17:12 of 1st period - Shot Blocked by Davis Drewiske.
17:16 of 1st period - Snap shot by Patrice Cormier.
17:16 of 1st period - Stopped by Jake Allen with a rebound.
17:18 of 1st period - Snap shot by Sergei Plotnikov.
17:18 of 1st period - Deflect By Patrice Cormier.
17:18 of 1st period - Shot Blocked by Tyler Brenner.
17:18 of 1st period - Puck is out of play.
17:19 of 1st period - Martin Hanzal wins face-off versus Anthony Nigro in Atomiques zone.
17:46 of 1st period - Rasmus Ristolainen is hit by Max Friberg and loses puck.
18:33 of 1st period - Snap shot by Blake Pietila.
18:33 of 1st period - Stopped by Jake Allen without a rebound.
18:34 of 1st period - Lucas Wallmark wins face-off versus Martin Hanzal in Atomiques zone.
18:46 of 1st period - Icing by Bobby Farnham.
18:47 of 1st period - Lucas Wallmark wins face-off versus Martin Hanzal in Atomiques zone.
18:47 of 1st period - Lucas Wallmark is hit by Blake Pietila.
18:53 of 1st period - Slapshot by Eric Mestery.
18:53 of 1st period - Shot Blocked by Blake Pietila.
18:55 of 1st period - Wrist shot by Lucas Wallmark.
18:55 of 1st period - Shot Misses the Net.
18:57 of 1st period - Wrist shot by Eric Mestery.
18:57 of 1st period - Shot Blocked by Roman Josi.
18:59 of 1st period - Snap shot by Lucas Wallmark.
18:59 of 1st period - Shot Blocked by Martin Hanzal.
19:01 of 1st period - Slapshot by Colby Cohen.
19:01 of 1st period - Stopped by Laurent Brossoit with a rebound.
19:03 of 1st period - Slapshot by Colby Cohen.
19:03 of 1st period - Shot Blocked by Nathan Paetsch.
19:05 of 1st period - Snap shot by Colby Cohen.
19:05 of 1st period - Shot Blocked by Roman Josi.
19:07 of 1st period - Slapshot by Colby Cohen.
19:07 of 1st period - Stopped by Laurent Brossoit without a rebound.
19:08 of 1st period - Tyler Brenner wins face-off versus Patrice Cormier in Blackdemons zone.
19:53 of 1st period - Wrist shot by Corey Tropp.
19:53 of 1st period - Stopped by Laurent Brossoit with a rebound.
Goals for this period are 1 for Atomiques vs 1 for Blackdemons.
Shots for this period are 16 for Atomiques vs 11 for Blackdemons.
2nd period
0:01 of 2nd period - Martin Hanzal wins face-off versus Tyler Brenner in neutral zone.
0:45 of 2nd period - Icing by Matt Tennyson.
0:46 of 2nd period - Tyler Brenner wins face-off versus Patrice Cormier in Atomiques zone.
1:17 of 2nd period - Icing by Brett Kulak.
1:18 of 2nd period - Corey Tropp wins face-off versus Martin Hanzal in Blackdemons zone.
1:29 of 2nd period - Wrist shot by Corey Tropp.
1:29 of 2nd period - Shot Misses the Net.
1:31 of 2nd period - Wrist shot by Jacob De La Rose.
1:31 of 2nd period - Shot Misses the Net.
1:33 of 2nd period - Wrist shot by Corey Tropp.
1:33 of 2nd period - Shot Misses the Net.
1:49 of 2nd period - Wrist shot by Sergei Plotnikov.
1:49 of 2nd period - Stopped by Jake Allen with a rebound.
1:51 of 2nd period - Snap shot by Sergei Plotnikov.
1:51 of 2nd period - Stopped by Jake Allen without a rebound.
1:52 of 2nd period - Dwight King wins face-off versus Alexandre Grenier in Atomiques zone.
1:57 of 2nd period - Sergei Plotnikov is hit by Colby Cohen and loses puck.
2:37 of 2nd period - Icing by Blake Pietila.
2:38 of 2nd period - Martin Hanzal wins face-off versus Jacob De La Rose in Blackdemons zone.
2:53 of 2nd period - Slapshot by Rasmus Ristolainen.
2:53 of 2nd period - Shot Blocked by Nathan Paetsch.
3:15 of 2nd period - Wrist shot by Max Friberg.
3:15 of 2nd period - Goal by Max Friberg - Atomiques : 1 - Blackdemons : 2.
3:16 of 2nd period - Tyler Brenner wins face-off versus Martin Hanzal in neutral zone.
3:18 of 2nd period - Minor Penalty to Tyler Brenner for Hooking.
3:19 of 2nd period - Martin Hanzal wins face-off versus Dwight King in Atomiques zone.
3:23 of 2nd period - Snap shot by Ladislav Nagy.
3:23 of 2nd period - Shot Blocked by Jack Skille.
3:31 of 2nd period - Snap shot by Ladislav Nagy.
3:31 of 2nd period - Shot Misses the Net.
3:33 of 2nd period - Snap shot by Ladislav Nagy.
3:33 of 2nd period - Goal by Ladislav Nagy - Atomiques : 1 - Blackdemons : 3.
3:34 of 2nd period - Martin Hanzal wins face-off versus Tyler Brenner in neutral zone.
3:59 of 2nd period - Anthony Nigro is hit by Sergei Plotnikov and loses puck.
4:43 of 2nd period - Slapshot by Rasmus Ristolainen.
4:43 of 2nd period - Stopped by Laurent Brossoit with a rebound.
5:11 of 2nd period - Snap shot by Rasmus Ristolainen.
5:11 of 2nd period - Shot Misses the Net.
5:31 of 2nd period - Snap shot by Patrice Cormier.
5:31 of 2nd period - Deflect By Anthony Nigro.
5:31 of 2nd period - Shot Blocked by Davis Drewiske.
5:31 of 2nd period - Puck is out of play.
5:32 of 2nd period - Patrice Cormier wins face-off versus Tyler Brenner in Atomiques zone.
6:05 of 2nd period - Snap shot by Corey Tropp.
6:05 of 2nd period - Shot Misses the Net.
6:07 of 2nd period - Slapshot by Davis Drewiske.
6:07 of 2nd period - Shot Blocked by Martin Hanzal.
6:09 of 2nd period - Slapshot by Corey Tropp.
6:09 of 2nd period - Stopped by Laurent Brossoit with a rebound.
6:11 of 2nd period - Snap shot by Corey Tropp.
6:11 of 2nd period - Shot Misses the Net.
6:41 of 2nd period - Wrist shot by Kyle Rau.
6:41 of 2nd period - Shot Hit the Post.
6:43 of 2nd period - Snap shot by Ladislav Nagy.
6:43 of 2nd period - Deflect By Hudson Fasching.
6:43 of 2nd period - Goal by Hudson Fasching - Atomiques : 1 - Blackdemons : 4.
6:43 of 2nd period - Jeff Frazee enters game.
6:44 of 2nd period - Martin Hanzal wins face-off versus Tyler Brenner in neutral zone.
7:36 of 2nd period - Slapshot by Corey Tropp.
7:36 of 2nd period - Stopped by Laurent Brossoit with a rebound.
7:38 of 2nd period - Slapshot by Rasmus Ristolainen.
7:38 of 2nd period - Shot Blocked by Nathan Paetsch.
8:10 of 2nd period - Off-side.
8:11 of 2nd period - Blake Pietila wins face-off versus Tyler Brenner in neutral zone.
8:32 of 2nd period - Minor Penalty to Brock McGinn for Hooking.
8:33 of 2nd period - Patrice Cormier wins face-off versus Dwight King in Atomiques zone.
8:43 of 2nd period - Off-side.
8:44 of 2nd period - Martin Hanzal wins face-off versus Dwight King in neutral zone.
8:47 of 2nd period - Slapshot by Roman Josi.
8:47 of 2nd period - Stopped by Jeff Frazee with a rebound.
10:03 of 2nd period - Alexei Morozov is hit by Dalton Smith and loses puck.
10:32 of 2nd period - Penalty to Brock McGinn is over, Brock McGinn is back on ice.
10:59 of 2nd period - Icing by Lucas Wallmark.
11:00 of 2nd period - Lucas Wallmark wins face-off versus Patrice Cormier in Atomiques zone.
11:07 of 2nd period - Wrist shot by Joseph Cramarossa.
11:07 of 2nd period - Shot Misses the Net.
11:23 of 2nd period - Snap shot by Brock McGinn.
11:23 of 2nd period - Stopped by Laurent Brossoit with a rebound.
11:25 of 2nd period - Snap shot by Brock McGinn.
11:25 of 2nd period - Shot Hit the Post.
11:27 of 2nd period - Wrist shot by Tyler Brenner.
11:27 of 2nd period - Shot Misses the Net.
11:29 of 2nd period - Wrist shot by Brock McGinn.
11:29 of 2nd period - Shot Misses the Net.
11:31 of 2nd period - Wrist shot by Brock McGinn.
11:31 of 2nd period - Stopped by Laurent Brossoit without a rebound.
11:32 of 2nd period - Martin Hanzal wins face-off versus Dwight King in Blackdemons zone.
11:57 of 2nd period - Keaton Ellerby is hit by Corey Tropp and loses puck.
12:02 of 2nd period - Slapshot by Davis Drewiske.
12:02 of 2nd period - Stopped by Laurent Brossoit with a rebound.
12:18 of 2nd period - Wrist shot by Blake Pietila.
12:18 of 2nd period - Stopped by Jeff Frazee with a rebound.
12:44 of 2nd period - Slapshot by Alexei Morozov.
12:44 of 2nd period - Shot Misses the Net.
12:48 of 2nd period - Wrist shot by Martin Hanzal.
12:48 of 2nd period - Shot Misses the Net.
13:02 of 2nd period - Slapshot by Blake Pietila.
13:02 of 2nd period - Stopped by Jeff Frazee with a rebound.
13:04 of 2nd period - Slapshot by Alexei Morozov.
13:04 of 2nd period - Shot Blocked by Dalton Smith.
13:06 of 2nd period - Snap shot by Alexei Morozov.
13:06 of 2nd period - Stopped by Jeff Frazee without a rebound.
13:07 of 2nd period - Patrice Cormier wins face-off versus Tyler Brenner in Atomiques zone.
13:12 of 2nd period - Slapshot by Patrice Cormier.
13:12 of 2nd period - Shot Blocked by Rasmus Ristolainen.
13:14 of 2nd period - Slapshot by Sergei Plotnikov.
13:14 of 2nd period - Stopped by Jeff Frazee with a rebound.
13:16 of 2nd period - Snap shot by Nathan Paetsch.
13:16 of 2nd period - Shot Blocked by Brock McGinn.
13:18 of 2nd period - Snap shot by Sergei Plotnikov.
13:18 of 2nd period - Shot Misses the Net.
13:20 of 2nd period - Slapshot by Nathan Paetsch.
13:20 of 2nd period - Shot Blocked by Rasmus Ristolainen.
13:40 of 2nd period - Snap shot by Zachary Sanford.
13:40 of 2nd period - Stopped by Jeff Frazee without a rebound.
13:41 of 2nd period - Scott Timmins wins face-off versus Anthony Nigro in Atomiques zone.
13:44 of 2nd period - Slapshot by Yannick Weber.
13:44 of 2nd period - Deflect By Max Friberg.
13:44 of 2nd period - Shot Blocked by Colby Cohen.
13:44 of 2nd period - Puck is out of play.
13:45 of 2nd period - Scott Timmins wins face-off versus Tyler Brenner in Atomiques zone.
13:56 of 2nd period - Snap shot by Jack Skille.
13:56 of 2nd period - Shot Misses the Net.
14:14 of 2nd period - Wrist shot by Ryan Shannon.
14:14 of 2nd period - Stopped by Laurent Brossoit with a rebound.
14:16 of 2nd period - Wrist shot by Anthony Nigro.
14:16 of 2nd period - Goal by Anthony Nigro - Atomiques : 2 - Blackdemons : 4.
14:17 of 2nd period - Jack Skille wins face-off versus Martin Hanzal in neutral zone.
14:28 of 2nd period - Slapshot by Rasmus Ristolainen.
14:28 of 2nd period - Shot Misses the Net.
14:30 of 2nd period - Slapshot by Tyler Brenner.
14:30 of 2nd period - Shot Blocked by Mathew Dumba.
14:32 of 2nd period - Backhand shot by Tyler Brenner.
14:32 of 2nd period - Shot Misses the Net.
15:12 of 2nd period - Snap shot by Rasmus Ristolainen.
15:12 of 2nd period - Deflect By Bobby Farnham.
15:12 of 2nd period - Deflect By Zachary Sanford.
15:12 of 2nd period - Stopped by Laurent Brossoit without a rebound.
15:13 of 2nd period - Tyler Brenner wins face-off versus Alexei Morozov in Blackdemons zone.
15:48 of 2nd period - Wrist shot by Patrice Cormier.
15:48 of 2nd period - Stopped by Jeff Frazee without a rebound.
15:49 of 2nd period - Patrice Cormier wins face-off versus Tyler Brenner in Atomiques zone.
15:55 of 2nd period - Minor Penalty to Eric Mestery for Hooking.
15:56 of 2nd period - Martin Hanzal wins face-off versus Dwight King in Atomiques zone.
15:58 of 2nd period - Snap shot by Martin Hanzal.
15:58 of 2nd period - Shot Misses the Net.
16:08 of 2nd period - Nathan Paetsch is hit by Jack Skille and loses puck.
17:14 of 2nd period - Davis Drewiske is hit by Keaton Ellerby and loses puck.
17:55 of 2nd period - Penalty to Eric Mestery is over, Eric Mestery is back on ice.
18:26 of 2nd period - Snap shot by Bobby Farnham.
18:26 of 2nd period - Stopped by Laurent Brossoit with a rebound.
18:28 of 2nd period - Snap shot by Lucas Wallmark.
18:28 of 2nd period - Stopped by Laurent Brossoit without a rebound.
18:29 of 2nd period - Tyler Brenner wins face-off versus Patrice Cormier in Blackdemons zone.
18:30 of 2nd period - Wrist shot by Jack Skille.
18:30 of 2nd period - Shot Misses the Net.
18:32 of 2nd period - Backhand shot by Eric Mestery.
18:32 of 2nd period - Shot Blocked by Tommy Vannelli.
18:34 of 2nd period - Snap shot by Jack Skille.
18:34 of 2nd period - Goal by Jack Skille - Atomiques : 3 - Blackdemons : 4.
18:35 of 2nd period - Tyler Brenner wins face-off versus Martin Hanzal in neutral zone.
19:00 of 2nd period - Roman Josi is hit by Eric Mestery and loses puck.
19:21 of 2nd period - Snap shot by Keaton Ellerby.
19:21 of 2nd period - Shot Blocked by Corey Tropp.
19:23 of 2nd period - Wrist shot by Ladislav Nagy.
19:23 of 2nd period - Shot Misses the Net.
19:25 of 2nd period - Snap shot by Hudson Fasching.
19:25 of 2nd period - Stopped by Jeff Frazee with a rebound.
19:27 of 2nd period - Slapshot by Ladislav Nagy.
19:27 of 2nd period - Goal by Ladislav Nagy - Atomiques : 3 - Blackdemons : 5.
19:28 of 2nd period - Alexei Morozov wins face-off versus Tyler Brenner in neutral zone.
Goals for this period are 2 for Atomiques vs 4 for Blackdemons.
Shots for this period are 12 for Atomiques vs 14 for Blackdemons.
3rd period
0:01 of 3rd period - Martin Hanzal wins face-off versus Tyler Brenner in neutral zone.
0:44 of 3rd period - Icing by Jack Skille.
0:45 of 3rd period - Patrice Cormier wins face-off versus Tyler Brenner in Atomiques zone.
0:52 of 3rd period - Slapshot by Martin Hanzal.
0:52 of 3rd period - Stopped by Jeff Frazee without a rebound.
0:53 of 3rd period - Martin Hanzal wins face-off versus Anthony Nigro in Atomiques zone.
1:08 of 3rd period - Snap shot by Dwight King.
1:08 of 3rd period - Shot Misses the Net.
1:18 of 3rd period - Alexei Morozov is hit by Joseph Cramarossa and loses puck.
1:23 of 3rd period - Slapshot by Joseph Cramarossa.
1:23 of 3rd period - Stopped by Laurent Brossoit with a rebound.
1:25 of 3rd period - Snap shot by Eric Mestery.
1:25 of 3rd period - Shot Misses the Net.
1:27 of 3rd period - Wrist shot by Lucas Wallmark.
1:27 of 3rd period - Deflect By Bobby Farnham.
1:27 of 3rd period - Goal by Bobby Farnham - Atomiques : 4 - Blackdemons : 5.
1:28 of 3rd period - Patrice Cormier wins face-off versus Brock McGinn in neutral zone.
1:31 of 3rd period - Slapshot by Nathan Paetsch.
1:31 of 3rd period - Stopped by Jeff Frazee without a rebound.
1:32 of 3rd period - Patrice Cormier wins face-off versus Tyler Brenner in Atomiques zone.
1:33 of 3rd period - Snap shot by Alexandre Grenier.
1:33 of 3rd period - Shot Misses the Net.
1:43 of 3rd period - Snap shot by Patrice Cormier.
1:43 of 3rd period - Stopped by Jeff Frazee with a rebound.
1:45 of 3rd period - Wrist shot by Patrice Cormier.
1:45 of 3rd period - Shot Misses the Net.
1:47 of 3rd period - Wrist shot by Alexandre Grenier.
1:47 of 3rd period - Stopped by Jeff Frazee with a rebound.
2:19 of 3rd period - Slapshot by Nathan Paetsch.
2:19 of 3rd period - Shot Misses the Net.
2:21 of 3rd period - Slapshot by Nathan Paetsch.
2:21 of 3rd period - Shot Blocked by Davis Drewiske.
2:23 of 3rd period - Snap shot by Zachary Sanford.
2:23 of 3rd period - Stopped by Jeff Frazee without a rebound.
2:24 of 3rd period - Scott Timmins wins face-off versus Tyler Brenner in Atomiques zone.
3:01 of 3rd period - Slapshot by Brock McGinn.
3:01 of 3rd period - Shot Misses the Net.
3:03 of 3rd period - Slapshot by Eric Mestery.
3:03 of 3rd period - Shot Misses the Net.
3:13 of 3rd period - Alexandre Grenier is hit by Brock McGinn and loses puck.
3:41 of 3rd period - Alexandre Grenier is hit by Brock McGinn.
3:47 of 3rd period - Backhand shot by Sergei Plotnikov.
3:47 of 3rd period - Stopped by Jeff Frazee with a rebound.
3:49 of 3rd period - Slapshot by Mathew Dumba.
3:49 of 3rd period - Shot Misses the Net.
3:53 of 3rd period - Backhand shot by Sergei Plotnikov.
3:53 of 3rd period - Stopped by Jeff Frazee without a rebound.
3:54 of 3rd period - Alexei Morozov wins face-off versus Anthony Nigro in Atomiques zone.
6:00 of 3rd period - Minor Penalty to Davis Drewiske for Hooking.
6:01 of 3rd period - Martin Hanzal wins face-off versus Dwight King in Atomiques zone.
6:27 of 3rd period - Wiley Sherman is hit by Blake Pietila and loses puck.
8:00 of 3rd period - Penalty to Davis Drewiske is over, Davis Drewiske is back on ice.
8:10 of 3rd period - Slapshot by Eric Mestery.
8:10 of 3rd period - Stopped by Laurent Brossoit with a rebound.
8:16 of 3rd period - Davis Drewiske is hit by Max Friberg and loses puck.
8:45 of 3rd period - Wrist shot by Corey Tropp.
8:45 of 3rd period - Stopped by Laurent Brossoit with a rebound.
9:10 of 3rd period - Eric Mestery is hit by Alexei Morozov and loses puck.
9:21 of 3rd period - Slapshot by Eric Mestery.
9:21 of 3rd period - Stopped by Laurent Brossoit with a rebound.
10:57 of 3rd period - Dalton Smith is hit by Sergei Plotnikov and loses puck.
11:20 of 3rd period - Ladislav Nagy is hit by Bobby Farnham and loses puck.
11:24 of 3rd period - Icing by Roman Josi.
11:25 of 3rd period - Kyle Rau wins face-off versus Tyler Brenner in Blackdemons zone.
11:36 of 3rd period - Snap shot by Ladislav Nagy.
11:36 of 3rd period - Shot Misses the Net.
11:38 of 3rd period - Slapshot by Hudson Fasching.
11:38 of 3rd period - Shot Misses the Net.
11:40 of 3rd period - Wrist shot by Kyle Rau.
11:40 of 3rd period - Shot Blocked by Matt Tennyson.
11:44 of 3rd period - Wrist shot by Ladislav Nagy.
11:44 of 3rd period - Goal by Ladislav Nagy - Atomiques : 4 - Blackdemons : 6.
11:45 of 3rd period - Martin Hanzal wins face-off versus Tyler Brenner in neutral zone.
12:52 of 3rd period - Backhand shot by Martin Hanzal.
12:52 of 3rd period - Shot Misses the Net.
13:04 of 3rd period - Snap shot by Tyler Brenner.
13:04 of 3rd period - Stopped by Laurent Brossoit with a rebound.
13:06 of 3rd period - Snap shot by Tyler Brenner.
13:06 of 3rd period - Shot Blocked by Mathew Dumba.
13:08 of 3rd period - Wrist shot by Jack Skille.
13:08 of 3rd period - Shot Misses the Net.
13:10 of 3rd period - Slapshot by Rasmus Ristolainen.
13:10 of 3rd period - Stopped by Laurent Brossoit without a rebound.
13:11 of 3rd period - Patrice Cormier wins face-off versus Anthony Nigro in Blackdemons zone.
13:11 of 3rd period - Patrice Cormier is hit by Dwight King.
13:18 of 3rd period - Minor Penalty to Ryan Shannon for Hooking.
13:19 of 3rd period - Max Friberg wins face-off versus Dalton Smith in Atomiques zone.
13:36 of 3rd period - Davis Drewiske is hit by Ladislav Nagy and loses puck.
13:51 of 3rd period - Slapshot by Nathan Paetsch.
13:51 of 3rd period - Shot Misses the Net.
14:05 of 3rd period - Eric Mestery is hit by Patrice Cormier and loses puck.
14:48 of 3rd period - Backhand shot by Sergei Plotnikov.
14:48 of 3rd period - Shot Misses the Net.
14:50 of 3rd period - Wrist shot by Sergei Plotnikov.
14:50 of 3rd period - Goal by Sergei Plotnikov - Atomiques : 4 - Blackdemons : 7.
14:51 of 3rd period - Anthony Nigro wins face-off versus Alexandre Grenier in neutral zone.
15:15 of 3rd period - Blake Pietila is hit by Jack Skille and loses puck.
15:20 of 3rd period - Wrist shot by Rasmus Ristolainen.
15:20 of 3rd period - Shot Misses the Net.
15:52 of 3rd period - Slapshot by Rasmus Ristolainen.
15:52 of 3rd period - Deflect By Ryan Shannon.
15:52 of 3rd period - Shot Misses the Net.
15:52 of 3rd period - Puck is out of play.
15:53 of 3rd period - Anthony Nigro wins face-off versus Scott Timmins in Blackdemons zone.
16:18 of 3rd period - Keaton Ellerby is hit by Jack Skille.
16:31 of 3rd period - Minor Penalty to Brock McGinn for Holding Stick.
16:32 of 3rd period - Patrice Cormier wins face-off versus Dwight King in Atomiques zone.
16:33 of 3rd period - Snap shot by Alexei Morozov.
16:33 of 3rd period - Shot Misses the Net.
17:10 of 3rd period - Off-side.
17:11 of 3rd period - Dwight King wins face-off versus Patrice Cormier in neutral zone.
17:19 of 3rd period - Icing by Blake Pietila.
17:20 of 3rd period - Patrice Cormier wins face-off versus Dwight King in Blackdemons zone.
17:35 of 3rd period - Snap shot by Alexei Morozov.
17:35 of 3rd period - Stopped by Jeff Frazee without a rebound.
17:36 of 3rd period - Martin Hanzal wins face-off versus Jack Skille in Atomiques zone.
17:41 of 3rd period - Snap shot by Ladislav Nagy.
17:41 of 3rd period - Shot Misses the Net.
18:04 of 3rd period - Icing by Keaton Ellerby.
18:05 of 3rd period - Dwight King wins face-off versus Blake Pietila in Blackdemons zone.
18:16 of 3rd period - Snap shot by Patrice Cormier.
18:16 of 3rd period - Shot Misses the Net.
18:26 of 3rd period - Slapshot by Blake Pietila.
18:26 of 3rd period - Stopped by Jeff Frazee with a rebound.
18:28 of 3rd period - Wrist shot by Roman Josi.
18:28 of 3rd period - Shot Misses the Net.
18:30 of 3rd period - Slapshot by Roman Josi.
18:30 of 3rd period - Stopped by Jeff Frazee with a rebound.
18:31 of 3rd period - Penalty to Brock McGinn is over, Brock McGinn is back on ice.
18:32 of 3rd period - Snap shot by Patrice Cormier.
18:32 of 3rd period - Shot Misses the Net.
18:34 of 3rd period - Wrist shot by Keaton Ellerby.
18:34 of 3rd period - Stopped by Jeff Frazee without a rebound.
18:35 of 3rd period - Kyle Rau wins face-off versus Jacob De La Rose in Atomiques zone.
18:42 of 3rd period - Slapshot by Wiley Sherman.
18:42 of 3rd period - Shot Blocked by Hudson Fasching.
18:50 of 3rd period - Wrist shot by Dalton Smith.
18:50 of 3rd period - Goal by Dalton Smith - Atomiques : 5 - Blackdemons : 7.
18:51 of 3rd period - Martin Hanzal wins face-off versus Dalton Smith in neutral zone.
18:56 of 3rd period - Slapshot by Blake Pietila.
18:56 of 3rd period - Stopped by Jeff Frazee with a rebound.
18:58 of 3rd period - Snap shot by Alexei Morozov.
18:58 of 3rd period - Stopped by Jeff Frazee with a rebound.
19:00 of 3rd period - Snap shot by Martin Hanzal.
19:00 of 3rd period - Stopped by Jeff Frazee without a rebound.
19:01 of 3rd period - Martin Hanzal wins face-off versus Jacob De La Rose in Atomiques zone.
Goals for this period are 2 for Atomiques vs 2 for Blackdemons.
Shots for this period are 8 for Atomiques vs 16 for Blackdemons.
Back to the Top